AoeStats
← LowEloTG

Black Forest

503852706Analyzed
4v4 RM · 1mo ago on Sep 2, 2026· 49m 10s· 8 players
Game mode
Random Map
Map size
Large (8 player)
Population
200
Speed
Normal
Resources
Standard
Victory
Conquest
Starting age
Dark Age
Ending age
Imperial Age
RankedLock teamsTeams togetherTeam positionsShared explorationLock speedFull tech treeHidden civsTurbo modeCheats
Victory
Defeat
🇬🇷 Hindustanis · Greece
1200
+18
🇰🇬 Sicilians · Kyrgyzstan
1181
+19
🇺🇸 Japanese · United States
1176
+19
🇨🇳 Persians · China
1176
+19
🇭🇰 Saracens · Hong Kong SAR China
1420
-25
🇭🇰 Italians · Hong Kong SAR China
1319
-22
🇹🇼 Persians · Taiwan
1132
-14
🇹🇼 Byzantines · Taiwan
1077
-11
Exdominator
10:44 Loom
12:29 Feudal Age
13:23 Horse Collar
13:29 Double-Bit Axe
16:54 Castle Age
18:43 Heavy Plow
18:56 Bow Saw
25:00 Gold Mining
26:11 Stone Mining
27:45 Gold Shaft Mining
27:48 Stone Shaft Mining
28:14 Wheelbarrow
27:24 Town Watch
29:11 Fortified Wall
29:11 Masonry
29:21 Ballistics
32:36 Imperial Age
30:23 Hand Cart
30:54 Scale Mail Armor
30:56 Padded Archer Armor
31:54 Forging
32:03 Chain Mail Armor
33:41 Conscription
34:27 Chemistry
33:33 Siege Engineers
34:51 Two-Man Saw
34:30 Iron Casting
34:23 Heavy Cavalry Archer
35:08 Thumb Ring
36:52 Blast Furnace
36:08 Leather Archer Armor
35:44 Fletching
35:56 Grand Trunk Road
36:01 Town Patrol
36:51 Hoardings
36:13 Heavy Camel Rider
37:03 Bloodlines
36:53 Husbandry
37:08 Scale Barding Armor
38:24 Squires
38:11 Arson
38:52 Shatagni
38:13 Elite Ghulam
40:18 Chain Barding Armor
40:30 Ring Archer Armor
40:22 Chain Barding Armor
39:57 Bodkin Arrow
40:10 Murder Holes
43:18 Plate Barding Armor
45:59 Bracer
48:59 Siege Elephant
Morgana
6:17 Loom
9:08 Feudal Age
10:07 Feudal Age
14:29 Castle Age
12:25 Double-Bit Axe
12:31 Horse Collar
15:38 Bow Saw
22:50 Gold Mining
23:16 Stone Mining
24:32 Wheelbarrow
24:59 Heavy Plow
26:46 Gold Shaft Mining
26:33 Hand Cart
30:08 Imperial Age
28:51 Scale Barding Armor
28:57 Forging
29:01 Bloodlines
28:52 Husbandry
30:40 Stone Shaft Mining
30:46 Chain Barding Armor
31:01 Iron Casting
30:15 Elite War Elephant
32:50 Conscription
33:24 Plate Barding Armor
34:57 Blast Furnace
39:53 Coinage
41:28 Fletching
42:04 Bodkin Arrow
43:12 Ballistics
43:53 Chemistry
44:51 Devotion
Momo
8:45 Feudal Age
8:52 Man-at-Arms
10:17 Arson
11:52 Loom
15:26 Forging
15:16 Scale Mail Armor
16:46 Horse Collar
16:53 Double-Bit Axe
22:14 Castle Age
20:35 Gold Mining
23:05 Bow Saw
22:57 Heavy Plow
24:40 Gold Shaft Mining
24:22 Chain Mail Armor
24:59 Fletching
25:47 Bodkin Arrow
28:44 Squires
29:21 Iron Casting
33:36 Imperial Age
32:11 Wheelbarrow
31:25 Pikeman
34:25 Hand Cart
33:54 Onager
35:51 Capped Ram
36:17 Halberdier
38:23 Bracer
39:56 Padded Archer Armor
40:24 Ballistics
41:04 Chemistry
41:09 Conscription
41:12 Thumb Ring
41:22 Heavy Cavalry Archer
42:28 Parthian Tactics
42:45 Bloodlines
42:36 Husbandry
43:23 Town Watch
44:23 Leather Archer Armor
46:39 Ring Archer Armor
Te0n
5:34 Loom
11:39 Feudal Age
16:03 Castle Age
13:57 Double-Bit Axe
14:46 Horse Collar
21:18 Bow Saw
21:34 Heavy Plow
25:11 Gold Mining
25:58 Wheelbarrow
25:34 Scale Mail Armor
25:44 Forging
25:26 Fletching
26:55 Gold Shaft Mining
26:12 Stone Mining
27:10 Chain Mail Armor
27:33 Stone Shaft Mining
27:36 Hand Cart
28:36 Iron Casting
27:56 Bodkin Arrow
29:46 Ballistics
29:22 Murder Holes
29:38 Masonry
31:25 First Crusade
33:49 Imperial Age
35:38 Chemistry
35:40 Elite Serjeant
38:18 Sappers
48:54 Hoardings
Marty10032
1:07 Loom
1:37 Loom
10:41 Feudal Age
11:33 Double-Bit Axe
16:15 Castle Age
15:34 Horse Collar
17:28 Wheelbarrow
17:38 Bow Saw
17:19 Town Watch
22:25 Gold Mining
27:30 Imperial Age
25:22 Fletching
25:53 Ballistics
26:00 Bodkin Arrow
26:06 Devotion
26:20 Devotion
27:08 Masonry
27:02 Scale Mail Armor
27:13 Forging
28:01 Chain Mail Armor
27:47 Squires
28:19 Bracer
28:46 Conscription
30:34 Plate Mail Armor
30:04 Bracer
32:43 Iron Casting
33:44 Chemistry
33:38 Heavy Plow
33:56 Padded Archer Armor
36:55 Leather Archer Armor
36:54 Elite Genoese Crossbowman
39:03 Blast Furnace
39:46 Ring Archer Armor
41:04 Architecture
43:41 Hand Cart
44:31 Light Cavalry
45:22 Bloodlines
45:12 Husbandry
45:18 Scale Barding Armor
45:34 Caravan
46:57 Hussar
47:59 Chain Barding Armor
mm巧克力
2:47 Loom
10:23 Feudal Age
16:19 Castle Age
14:45 Horse Collar
15:59 Bloodlines
15:50 Double-Bit Axe
25:35 Wheelbarrow
28:17 Gold Mining
28:17 Stone Mining
29:27 Hand Cart
29:20 Heavy Plow
31:19 Bow Saw
34:55 Imperial Age
33:27 Forging
33:22 Scale Barding Armor
35:16 Husbandry
35:53 Iron Casting
35:40 Chain Barding Armor
35:47 Conscription
36:26 Crop Rotation
36:59 Two-Man Saw
38:27 Blast Furnace
37:28 Scale Mail Armor
37:21 Pikeman
38:01 Squires
37:47 Arson
38:40 Plate Barding Armor
40:52 Chain Mail Armor
44:02 Halberdier
48:30 Plate Mail Armor
椰子
9:42 Loom
12:50 Feudal Age
19:15 Double-Bit Axe
28:15 Castle Age
32:21 Bow Saw
35:56 Fletching
46:20 Elite Skirmisher
47:10 Bodkin Arrow
47:58 Padded Archer Armor
LowEloTG
10:23 Feudal Age
14:07 Castle Age
12:07 Double-Bit Axe
13:30 Horse Collar
15:32 Bow Saw
21:09 Wheelbarrow
22:20 Heavy Plow
23:15 Gold Mining
23:12 Loom
24:32 Stone Mining
26:39 Gold Shaft Mining
29:23 Imperial Age
27:09 Hand Cart
27:17 Forging
27:20 Scale Barding Armor
27:29 Forging
28:22 Gold Shaft Mining
29:50 Chain Barding Armor
30:05 Iron Casting
29:44 Elite Mameluke
29:46 Onager
30:47 Husbandry
30:58 Bloodlines
32:00 Conscription
31:30 Capped Ram
33:11 Plate Barding Armor
33:37 Blast Furnace
33:39 Siege Ram
35:44 Chemistry
36:02 Caravan
36:39 Counterweights
41:20 Siege Onager
44:41 Fletching
44:51 Padded Archer Armor
45:52 Blast Furnace
Connection lost

Rejoining the realm…

Still unreachable

The connection could not be restored.

Session expired

The server has moved on; the page needs a fresh start.